 Dungeon Crawl Stone Soup version 0.29-a0-1009-g60c99734e7 (webtiles) character file.

Game seed: 12296140654184343711

4865 leavemydog the Thaumaturge (level 10, -17/50 HPs)
             Began as a Deep Elf Conjurer on Aug 8, 2022.
             Was a Believer of Vehumet.
             Demolished by an orc warrior
             ... wielding a +0 halberd
              (27 damage)
             ... in a bailey.
             The game lasted 00:18:03 (10141 turns).

leavemydog the Thaumaturge (Deep Elf Conjurer)     Turns: 10141, Time: 00:18:03

Health: -17/50     AC:  9    Str:  4    XL:     10   Next: 26%
Magic:  3/26       EV: 12    Int: 34    God:    Vehumet [**....]
Gold:   557        SH:  0    Dex: 13    Spells: 9/30 levels left

rFire   . . .      SeeInvis .   E - +4 dagger (elec)
rCold   . . .      Faith    .   (no shield)
rNeg    . . .      Spirit   .   a - +1 robe
rPois   .          Reflect  .   (no helmet)
rElec   .          Harm     .   J - +2 cloak
rCorr   .          Rampage  .   C - +1 pair of gloves
Will    +....      Clarity  +   (no boots)
Stlth   ++........              x - amulet of regeneration
HPRegen 0.96/turn               d - ring of flight
MPRegen 0.20/turn               G - +6 ring of intelligence

@: flying
A: clarity, shaggy fur 1
a: Renounce Religion


You were in a bailey.
You worshipped Vehumet.
Vehumet was pleased with you.
You visited 2 branches of the dungeon, and saw 10 of its levels.
You also visited: Bailey.

You collected 557 gold pieces.

Inventory:

Hand Weapons
 E - a +4 dagger of electrocution (weapon)
Missiles
 o - 18 poisoned darts
 u - 2 throwing nets
Armour
 a - a +1 robe (worn)
 h - a scarf of resistance
 C - a +1 pair of gloves (worn)
 J - a +2 cloak (worn)
Jewellery
 d - a ring of flight (left hand)
 x - an amulet of regeneration (around neck)
 y - a ring of resist corrosion
 D - an amulet of the acrobat
 G - a +6 ring of intelligence (right hand)
Wands
 m - a wand of flame (17)
 H - a wand of charming (7)
 I - a wand of roots (9)
 K - a wand of polymorph (9)
Scrolls
 f - 2 scrolls of fear
 g - 4 scrolls of noise
 i - 3 scrolls of teleportation
 j - a scroll of amnesia {unknown}
 l - a scroll of enchant weapon {unknown}
 q - 5 scrolls of magic mapping
 v - 2 scrolls of vulnerability
 w - 5 scrolls of blinking
Potions
 b - 3 potions of magic
 e - 2 potions of degeneration {unknown}
 k - 3 potions of berserk rage
 n - a potion of resistance {unknown}
 p - 2 potions of might
 r - 4 potions of invisibility
 s - 4 potions of lignification
 t - a potion of haste {unknown}
 z - a potion of attraction {unknown}
 A - 2 potions of brilliance {unknown}
 B - a potion of flight {unknown}
 F - a potion of curing
 M - 2 potions of heal wounds {unknown}
 N - 2 potions of cancellation {unknown}
Miscellaneous
 L - a piece from Xom's chessboard (15/15)


   Skills:
 - Level 2.4 Dodging
 - Level 2.4 Stealth
 + Level 10.9 Spellcasting
 + Level 10.7 Conjurations
 * Level 7.1 Hexes
 * Level 6.0 Translocations
 * Level 2.2 Transmutations
 * Level 2.3 Fire Magic
 * Level 2.1 Air Magic
 * Level 2.3 Poison Magic


You had 9 spell levels left.
You knew the following spells:

 Your Spells              Type           Power      Damage    Failure   Level
a - Magic Dart            Conj           100%       1d8       1%          1
b - Searing Ray           Conj           100%       2d8       1%          2
c - Iskenderun's Mystic   Conj/Tloc      66%        2d14      1%          4
d - Fulminant Prism       Conj/Hex       34%        3d16      1%          4
e - Teleport Other        Tloc           56%        N/A       1%          3
f - Shock                 Conj/Air       100%       1d9       1%          1
g - Mephitic Cloud        Conj/Pois/Air  52%        N/A       1%          3
h - Ignite Poison         Fire/Tmut/Pois 34%        N/A       2%          3

Your spell library contained the following spells:

 Spells                   Type           Power      Damage    Failure   Level
 Scorch                   Fire           68%        2d8       1%          2
 Slow                     Hex            100%       N/A       1%          1
 Confusing Touch          Hex            61%        N/A       1%          3
 Dazzling Flash           Conj/Hex       100%       N/A       1%          3
 Gell's Gravitas          Tloc           56%        N/A       1%          3
 Vampiric Draining        Necr           18%        2d7       8%          3
 Freezing Cloud           Conj/Ice/Air   23%        6-21      12%         5
 Dispersal                Tloc           28%        N/A       30%         6


Dungeon Overview and Level Annotations

Branches:
Dungeon (9/15)             Temple (1/1) D:4            Lair (0/5) D:8
 Bailey (1/1)
    Orc: D:9-12

Altars:
Ashenzari
Cheibriados
Dithmenos
Elyvilon
Fedhas
Gozag
Hepliaklqana
Kikubaaqudgha
Makhleb
Nemelex Xobeh
Okawaru
Qazlal
Ru
Sif Muna
Trog
Uskayaw
Vehumet
Wu Jian
Xom
Yredelemnul
Zin
The Shining One

Annotations:
D:8 2 runed translucent doors


Innate Abilities, Weirdness & Mutations

You possess an exceptional clarity of mind.
You are covered in fur. (AC +1)


Message History

The orc warriors go into a battle-frenzy!
Items here: )) ††.
Items here: )) [ †.
There is an open door here.
Casting: Magic Dart (safe; 1% risk of failure)
Confirm with . or Enter, or press ? or * to list all spells.
Aiming: Teleport Other (safe; 1% risk of failure)
Press: ? - help, Shift-Dir - straight line, f/p - orc warrior
Aim: an orc warrior, wielding a +0 halberd and wearing a +0 plate armour (heavily wounded, strong, chance to affect: 83%)
Okay, then.
Casting: Teleport Other (safe; 1% risk of failure)
Confirm with . or Enter, or press ? or * to list all spells.
Aiming: Mephitic Cloud (safe; 1% risk of failure)
Press: ? - help, Shift-Dir - straight line, p - orc warrior The ball explodes into a vile cloud!
The stinking cloud engulfs the orc warrior but does no damage. x2
The orc warrior is heavily wounded.
The orc warrior hits you from afar with a +0 halberd!
The orc warrior is engulfed in noxious fumes.
The orc warrior appears confused.
The orc warrior gestures wildly.
The orc warrior is engulfed in noxious fumes.
Something hits the orc knight!!
There is an open door here.
Casting: Mephitic Cloud (safe; 1% risk of failure)
Confirm with . or Enter, or press ? or * to list all spells.
Aiming: Searing Ray (safe; 1% risk of failure)
Press: ? - help, Shift-Dir - straight line, f - orc warrior
Aim: an orc warrior, wielding a +0 halberd and wearing a +0 plate armour (heavily wounded, strong, 83% to hit)
The searing ray hits the orc warrior.
The orc warrior is severely wounded. (Press . to maintain the ray.)
The orc warrior hits you from afar with a +0 halberd!!
Ouch! That really hurt!
* * * LOW HITPOINT WARNING * * *
The orc warrior laughs at nothing.
You feel better.
The orc warrior hits you from afar with a +0 halberd!!
Ouch! That really hurt!
You die...

############ #######
##.∩..))))).## ##.....#####
#......#.....######.)))...#...
#.....###.)..#....#)o##...'...
#∩.....8.))..@.o..'..8....'..!
#....)###....#....#..##...o...
#......#.....######..o)...#...
##.∩........## ##.....#####
############ #######


You could see 2 orc warriors.

Vanquished Creatures
  A komodo dragon (shapeshifter) (D:9)
  A hornet (D:9)
  Menkaure (D:6)
  2 black bears (D:5)
  11 orc warriors
  2 sky beasts
  An ice beast (D:8)
  An ogre (D:5)
  3 centaurs
  A phantom (D:5)
  Blork the orc (D:4)
  An elf zombie (D:7)
  3 necrophages
  2 bullfrogs
  2 elf skeletons (D:7)
  A gnoll sergeant (D:8)
  5 scorpions
  13 killer bees
  2 howler monkeys
  4 hounds
  5 jellies
  A gnoll bouda (D:4)
  3 orc priests
  3 human skeletons (D:7)
  5 iguanas
  Ijyb (D:3)
  3 orc wizards
  4 adders
  7 gnolls
  A shadow imp (D:6)
  An ufetubus (D:5)
  A worm (D:2)
  A dart slug (D:1)
  25 orcs
  3 bats
  2 endoplasms (D:2)
  3 giant cockroaches
  4 goblins
  A hobgoblin (D:2)
  4 jackals
  8 quokkas
  7 ball pythons
  2 frilled lizards
  2 kobolds
  2 orc skeletons (D:7)
  3 orc zombies (D:7)
  6 rats
166 creatures vanquished.

Vanquished Creatures (others)
  A quokka (D:3)
  9 fulminant prisms
10 creatures vanquished.

Grand Total: 176 creatures vanquished

Notes
Turn   | Place    | Note
-------+----------+-------------------------------------------
     0 | D:1      | leavemydog the Deep Elf Conjurer began the quest for the
                  | Orb.
     0 | D:1      | Reached XP level 1. HP: 10/10 MP: 6/6
   220 | D:1      | Reached XP level 2. HP: 12/15 MP: 1/8
   223 | D:1      | Learned a level 2 spell: Searing Ray
   491 | D:1      | Reached skill level 5 in Conjurations
   936 | D:2      | Reached XP level 3. HP: 19/19 MP: 3/9
  1226 | D:2      | Found a faded altar of an unknown god.
  1242 | D:3      | Found an ancient bone altar of Kikubaaqudgha.
  1242 | D:3      | Found a basalt altar of Yredelemnul.
  1243 | D:3      | Found a shimmering blue altar of Sif Muna.
  1243 | D:3      | Found an opulent altar of Gozag.
  1244 | D:3      | Noticed Ijyb
  1251 | D:3      | Killed Ijyb
  1433 | D:3      | Found a radiant altar of Vehumet.
  1441 | D:3      | Found a hide-covered altar of Uskayaw.
  1448 | D:3      | Became a worshipper of Vehumet
  1476 | D:3      | Reached XP level 4. HP: 24/24 MP: 8/11
  1543 | D:3      | Learned a level 4 spell: Iskenderun's Mystic Blast
  1698 | D:3      | Found a glowing golden altar of the Shining One.
  1801 | D:3      | Noticed a scorpion
  1807 | D:3      | Killed a scorpion
  1808 | D:3      | Reached skill level 1 in Translocations
  1945 | D:3      | Found a white marble altar of Elyvilon.
  2162 | D:4      | Reached XP level 5. HP: 17/28 MP: 6/13
  2171 | D:4      | Learned a level 4 spell: Fulminant Prism
  2492 | D:4      | Noticed Blork the orc
  2501 | D:4      | Killed Blork the orc
  2502 | D:4      | Reached skill level 1 in Hexes
  2502 | D:4      | Reached XP level 6. HP: 9/32 MP: 6/15
  2889 | D:4      | Reached skill level 5 in Spellcasting
  3112 | D:4      | Found a staircase to the Ecumenical Temple.
  3123 | Temple   | Entered the Ecumenical Temple
  3614 | D:5      | Entered Level 5 of the Dungeon
  3630 | D:5      | Reached * piety under Vehumet
  3630 | D:5      | Offered knowledge of Shock by Vehumet.
  3631 | D:5      | Reached XP level 7. HP: 36/36 MP: 8/17
  3635 | D:5      | Learned a level 3 spell: Teleport Other
  4324 | D:5      | Learned a level 1 spell: Shock
  4713 | D:5      | Reached XP level 8. HP: 41/41 MP: 9/20
  4994 | D:6      | Noticed Menkaure
  5024 | D:6      | Killed Menkaure
  6038 | D:6      | Learned a level 3 spell: Mephitic Cloud
  6042 | D:6      | Learned a level 3 spell: Ignite Poison
  6134 | D:6      | Reached skill level 5 in Hexes
  6793 | D:7      | Reached XP level 9. HP: 45/45 MP: 15/23
  7595 | D:7      | Reached skill level 5 in Translocations
  7788 | D:7      | Offered knowledge of Sandblast by Vehumet.
  8166 | D:8      | Reached ** piety under Vehumet
  8375 | D:8      | Reached skill level 10 in Conjurations
  8837 | D:8      | Found a runed translucent door.
  8928 | D:8      | Found a staircase to the Lair.
  8972 | D:8      | Found a runed translucent door.
  9093 | D:8      | Reached skill level 10 in Spellcasting
  9619 | D:9      | Reached skill level 1 in Poison Magic
  9620 | D:9      | Reached skill level 1 in Fire Magic
  9720 | D:9      | Reached skill level 1 in Transmutations
  9720 | D:9      | Reached skill level 1 in Air Magic
  9819 | D:9      | Noticed a komodo dragon
  9832 | D:9      | Killed a komodo dragon
  9833 | D:9      | Reached XP level 10. HP: 48/50 MP: 15/26
  9927 | D:9      | Found a flagged portal.
  9931 | D:9      | Noticed a catoblepas
  9936 | Bailey   | Entered a bailey
 10080 | Bailey   | Gained mutation: You are resistant to electric shocks.
                  | (rElec) [potion of mutation]
 10080 | Bailey   | Gained mutation: Armour fits poorly on your strangely
                  | shaped body. [potion of mutation]
 10081 | Bailey   | Lost mutation: You are resistant to electric shocks.
                  | (rElec) [potion of mutation]
 10081 | Bailey   | Lost mutation: Armour fits poorly on your strangely shaped
                  | body. [potion of mutation]
 10081 | Bailey   | Gained mutation: You possess an exceptional clarity of
                  | mind. [potion of mutation]
 10081 | Bailey   | Gained mutation: You are covered in fur. (AC +1) [potion of
                  | mutation]
 10091 | Bailey   | Offered knowledge of Scorch by Vehumet.
 10118 | Bailey   | Noticed an orc knight
 10141 | Bailey   | Demolished by an orc warrior

Illustrated notes

Levels and vault maps discovered:
D:1:      dpeg_arrival_shelter, layout_basic, minmay_pentomino_w2
D:2:      layout_rooms, shapermc_ecumenical_altar_acropolis
D:3:      layout_basic, lemuel_tele_altar, grunt_temple_overflow_open,
          elyvilon_altar_4, serial_park_tiny_pond, uniq_ijyb
D:4:      layout_basic, temple_green, uniq_blork_the_orc
D:5:      layout_cave_pods
D:6:      layout_rooms, chequers_serial_rivers_small_a, st_stairs_7,
          hangedman_abyss_or_decor_stagger, uniq_menkaure
D:7:      layout_gridville, serial_glass, glass_columns_c, glass_columns_c,
          minmay_strange_pillars, item_on_display_a, minmay_strange_pillars,
          nicolae_ossuary_entry_catacombs, roderic_lattice_a,
          nicolae_eternal_life
D:8:      cheibrodos_histonic, layout_basic, lair_entry_dummy
D:9:      layout_basic, enter_bailey_6, minmay_misc_feat_x, minmay_checkerbox
Temple:   nicolae_temple_two_arcs
Bailey:   bailey_polearm_5, bailey

Skill      XL: |  1  2  3  4  5  6  7  8  9 10 |
---------------+-------------------------------+-----
Conjurations   | 5 6 7 8 9 10 | 10.7
Spellcasting   | 4 5 6 8 10 | 10.9
Translocations | 1 2 3 4 5 6 |  6.0
Hexes          | 1 2 3 5 6 7 |  7.1
Poison Magic   | 1 2 |  2.3
Fire Magic     | 1 2 |  2.3
Transmutations | 1 2 |  2.2
Air Magic      | 1 2 |  2.1
Dodging        | |  2.4
Stealth        | |  2.4

Action                   |  1- 3 |  4- 6 |  7- 9 | 10-12 || total
-------------------------+-------+-------+-------+-------++-------
 Cast: Magic Dart        |    47 |    49 |   235 |    31 ||   362
       Searing Ray       |     3 |     8 |    30 |     2 ||    43
       Iskenderun's Myst |       |       |    11 |     1 ||    12
       Fulminant Prism   |       |       |     3 |     6 ||     9
       Mephitic Cloud    |       |       |     1 |     1 ||     2
  Use: Scroll            |     8 |     1 |     7 |       ||    16
       Potion            |       |     1 |       |     3 ||     4
Armor: Robe              |     1 |     1 |    33 |       ||    35
Dodge: Dodged            |     4 |     8 |    61 |     4 ||    77

Table legend: (Time is in decaauts)
 A = Elapsed time spent in this place.
 B = Non-inter-level travel time spent in this place.
 C = Inter-level travel time spent in this place.
 D = Time resting spent in this place.
 E = Time spent auto-exploring this place.
 F = Levels seen in this place.
 G = Mean time per level.
                   A        B        C        D        E       F      G
               +--------+--------+--------+--------+--------+-----+--------+
         Total |  10139 |   9712 |    427 |   2792 |   5949 |  11 |  921.7 |
       Dungeon |   9838 |   9422 |    416 |   2732 |   5821 |   9 | 1093.1 |
        Temple |     96 |     85 |     11 |      0 |     78 |   1 |   96.0 |
        Bailey |    204 |    204 |      0 |     60 |     50 |   1 |  204.0 |
               +--------+--------+--------+--------+--------+-----+--------+

Top non-repeatable levels by time:
     D:5: 2210 daAuts
     D:7: 1565 daAuts
     D:8: 1369 daAuts
     D:4: 1361 daAuts
     D:2: 799 daAuts
     D:3: 746 daAuts
     D:6: 708 daAuts
     D:1: 610 daAuts
     D:9: 466 daAuts
  Bailey: 204 daAuts
  Temple: 96 daAuts
